 Dungeon Crawl Stone Soup version 0.24.0-125-gc4c63601f3 (webtiles) character file.

Game seed: 10081765146381629324, levelgen mode: deterministic

35 straycat the Skirmisher (level 3, -7/23 HPs)
             Began as a Vampire Gladiator on Mar 11, 2020.
             Killed from afar by Sigmund (10 damage)
             ... with a magic dart
             ... on level 2 of the Dungeon.
             The game lasted 00:04:56 (948 turns).

straycat the Skirmisher (Vampire Gladiator)          Turns: 948, Time: 00:04:57

Health: -7/23      AC:  0    Str: 12 (14) XL:     3   Next: 17%
Magic:  3/3        EV: 21    Int:  8 (10) God:
Gold:   33         SH:  0    Dex: 18 (20) Spells: 2/2 levels left

rFire    . . .     SeeInvis +     - Unarmed
rCold    + + .     Gourm    .   (shield currently unavailable)
rNeg     + + +     Faith    .   (armour currently unavailable)
rPois    ∞         Spirit   .   (helmet currently unavailable)
rElec    .         Reflect  .   (cloak currently unavailable)
rCorr    .         Harm     .   (gloves currently unavailable)
MR       .....                  (boots currently unavailable)
Stlth    +++.......             (no amulet)
HPRegen  0.00/turn              (ring currently unavailable)
MPRegen  0.08/turn              (ring currently unavailable)

@: confused, bat-form, flying, bloodless, very quick
A: tiny, no food, fangs 3, see invisible
a: Revivify, End Transformation


You were on level 2 of the Dungeon.
You were bloodless.
You were in vampire-bat-form.
You visited 1 branch of the dungeon, and saw 2 of its levels.

You collected 33 gold pieces.

Inventory:

Hand Weapons
 h - a +1 dagger of protection
Missiles
 c - 3 throwing nets (quivered)
Armour
 a - a +0 leather armour (melded)
 b - a +0 helmet (melded)
Jewellery
 g - an uncursed ring of magical power {unknown}
Scrolls
 f - 3 scrolls of remove curse {unknown}
 j - a scroll of teleportation {unknown}
Potions
 d - 2 potions of curing {unknown}
 e - a potion of heal wounds {unknown}
 i - a potion of invisibility {unknown}
 k - a potion of magic {unknown}


   Skills:
 + Level 3.3 Fighting
 - Level 1.5 Throwing
 - Level 3.2 Dodging
 - Level 3.2 Unarmed Combat


You had 2 spell levels left.
You didn't know any spells.
Your spell library was empty.

Dungeon Overview and Level Annotations

Branches:
Dungeon (2/15)

Altars:
Fedhas

Annotations:
D:2 Sigmund


Innate Abilities, Weirdness & Mutations

You do not eat.
You do not regenerate when monsters are visible.
You are frail without blood (-20% HP).
You can heal yourself when you bite living creatures.
You are immune to poison.
You have razor-sharp teeth.
You have supernaturally acute eyesight. (SInv)
((You can survive without breathing.))


Message History

Sigmund hits you with a +0 scythe!
Ouch! That really hurt!
You hit Sigmund.
Sigmund is lightly wounded.
You hit Sigmund. Your bite misses Sigmund.
Sigmund is moderately wounded.
Sigmund says, "Your kind have come here before.
I understand now why.
You desire death..."
Sigmund closely misses you. Sigmund gestures at you while chanting.
You are confused.
You bump into the rock wall.
Sigmund misses you.
You bump into the rock wall.
Sigmund points at you and mumbles some strange words.
The magic dart hits you.
* * * LOW HITPOINT WARNING * * *
Okay, then.
You bump into the rock wall.
Sigmund casts a spell at you. The magic dart hits you!
You die...

############ ##.
#######.........b#####.....
......#............@....%..
......#..........####......
............###### .)%..
.....P.P..#....... ....
#..._...######## ...
##.P.P.†####### ..
####......#.....# .
..#######.......#


You could see Sigmund.

Vanquished Creatures
  An ooze (D:2)
  3 dart slugs (D:1)
  A leopard gecko (D:1)
  5 goblins (D:1)
  2 hobgoblins (D:1)
  2 bats
  2 frilled lizards
  5 kobolds
  4 rats (D:1)
25 creatures vanquished.

Notes
Turn   | Place    | Note
-------+----------+-------------------------------------------
     0 | D:1      | straycat the Vampire Gladiator began the quest for the Orb.
     0 | D:1      | Reached XP level 1. HP: 16/16 MP: 1/1
   263 | D:1      | Reached XP level 2. HP: 23/23 MP: 2/2
   799 | D:2      | Reached XP level 3. HP: 27/29 MP: 3/3
   912 | D:2      | Found a blossoming altar of Fedhas.
   932 | D:2      | Noticed Sigmund
   948 | D:2      | Killed from afar by Sigmund

Levels and vault maps discovered:
D:1:      minmay_arrival_four_circles, layout_basic,
          hangedman_decor_clover_reticule
D:2:      layout_rooms, nicolae_overflow_hidden_temple, fedhas_altar_1,
          hangedman_decor_points, minmay_distorted, uniq_sigmund

Skill      XL: |  1  2 |
---------------+-------+-----
Fighting       | 2 3 |  3.3
Throwing       | |  1.5
Dodging        | |  3.2
Unarmed Combat | |  3.2

Action                   || total
-------------------------++-------
Melee: Unarmed           ||    81
       Bite              ||     9
       Punch             ||     1
 Abil: Bat Form          ||     1
       Exsanguinate      ||     1
 Stab: Sleeping          ||     2
Armor: Leather armour    ||    14
Dodge: Dodged            ||    46
